 Dungeon Crawl Stone Soup version 0.23.2-40-g277498a001 (webtiles) character file.

Game seed: 7326948656514314189

2914 Htamos the Thaumaturge (level 9, -3/52 HPs)
             Began as a Deep Elf Conjurer on Aug 25, 2019.
             Was a Believer of Sif Muna.
             Slain by Harold
             ... wielding a +3 war axe of freezing
              (27 damage)
             ... on level 8 of the Dungeon.
             The game lasted 00:22:34 (9358 turns).

Htamos the Thaumaturge (Deep Elf Conjurer)          Turns: 9358, Time: 00:22:34

Health: -3/52      AC:  4    Str:  5    XL:     9   Next: 50%
Magic:  11/26      EV: 16    Int: 24    God:    Sif Muna [**....]
Gold:   248        SH:  5    Dex: 15    Spells: 20/30 levels left

rFire    . . .     SeeInvis .   y - staff of wizardry
rCold    . . .     Gourm    .   b - +0 buckler
rNeg     . . .     Faith    .   a - +0 robe
rPois    .         Spirit   .   m - +2 hat
rElec    .         Reflect  .   (no cloak)
rCorr    .         Harm     .   (no gloves)
MR       .....                  (no boots)
Stlth    ++........             (no amulet)
HPRegen  0.17/turn              j - +3 ring of evasion
MPRegen  0.20/turn              (no ring)

@: divine energy
A: no striking features
a: Stop Divine Energy, Renounce Religion


You were on level 8 of the Dungeon.
You worshipped Sif Muna.
Sif Muna was pleased with you.
You were not hungry.

You visited 2 branches of the dungeon, and saw 9 of its levels.

You collected 338 gold pieces.
You spent 90 gold pieces at shops.

Inventory:

Hand Weapons
 h - a +0 scythe of venom
 n - a +4 quarterstaff of chaos
 p - a +4 short sword
 s - a +1 falchion of flaming
 F - a +4 trident
Armour
 a - a +0 robe (worn)
 b - a +0 buckler (worn)
 l - a +2 chain mail of cold resistance
 m - a +2 hat (worn)
 C - the +1 chain mail of Osudgh {rElec rF+ Int+4 Stlth+}
   (You found it on level 6 of the Dungeon)

   It affects your intelligence (+4).
   It protects you from fire.
   It insulates you from electricity.
   It makes you more stealthy.
 D - a +0 scale mail
Magical Staves
 y - an uncursed staff of wizardry (weapon)
Jewellery
 j - a +3 ring of evasion (left hand)
 o - an uncursed ring of fire
 w - an uncursed ring of fire
Wands
 i - a wand of disintegration (25)
Scrolls
 f - 4 scrolls of teleportation
 k - 3 scrolls of identify
 z - a scroll of enchant weapon {unknown}
 A - 2 scrolls of immolation {unknown}
 B - a scroll of remove curse {unknown}
 E - a scroll of torment {unknown}
 G - a scroll of magic mapping {unknown}
Potions
 d - a potion of brilliance {unknown}
 e - 6 potions of heal wounds
 g - 3 potions of curing
 q - a potion of berserk rage {unknown}
 r - a potion of flight {unknown}
 t - 2 potions of resistance {unknown}
 u - a potion of mutation {unknown}
 v - a potion of agility {unknown}
 x - a potion of ambrosia {unknown}
Comestibles
 c - 14 rations


   Skills:
 + Level 3.9 Fighting
 - Level 2.4 Dodging
 - Level 2.4 Stealth
 - Level 4.0 Shields
 - Level 11.4 Spellcasting
 * Level 8.9 Conjurations


You had 20 spell levels left.
You knew the following spells:

 Your Spells              Type           Power        Failure   Level  Hunger
a - Magic Dart            Conj           ####         1%          1    None
b - Iskenderun's Mystic   Conj           ######..     1%          4    None
c - Fulminant Prism       Conj/Hex       #####.....   3%          4    None
d - Apportation           Tloc           ##....       1%          1    None

Your spell library contained the following spells:

 Spells                   Type           Power        Failure   Level  Hunger
 Animate Skeleton         Necr           N/A          1%          1    None
 Confusing Touch          Hex            ##....       1%          1    None
 Freeze                   Ice            ##..         1%          1    None
 Infusion                 Chrm           ##..         1%          1    None
 Summon Small Mammal      Summ           ##..         1%          1    None
 Searing Ray              Conj           ######       1%          2    None
 Throw Frost              Conj/Ice       #####.       1%          2    None
 Dazzling Spray           Conj/Hex       #####.       1%          3    None
 Shroud of Golubria       Chrm/Tloc      ##........   2%          2    None
 Song of Slaying          Chrm           ##......     2%          2    None
 Force Lance              Conj/Tloc      #####...     3%          4    None
 Throw Icicle             Conj/Ice       #####...     3%          4    None
 Confuse                  Hex            ##......     6%          3    None
 Gell's Gravitas          Tloc           ##........   6%          3    None
 Ozocubu's Armour         Chrm/Ice       ##......     6%          3    None
 Regeneration             Chrm/Necr      ##........   6%          3    None
 Spectral Weapon          Hex/Chrm       ##......     6%          3    None
 Petrify                  Tmut/Erth      ##......     17%         4    None
 Summon Ice Beast         Ice/Summ       ##......     17%         4    None
 Metabolic Englaciation   Hex/Ice        ##........   43%         5    ####...
 Yara's Violent Unravell  Hex/Tmut       ##........   43%         5    ####...


Dungeon Overview and Level Annotations

Branches:
Dungeon (8/15)             Temple (1/1) D:5
   Lair: D:8-11

Altars:
Ashenzari
Cheibriados
Dithmenos
Elyvilon
Fedhas
Gozag
Hepliaklqana
Kikubaaqudgha
Makhleb
Nemelex Xobeh
Okawaru
Qazlal
Ru
Sif Muna
Trog
Uskayaw
Vehumet
Wu Jian
Xom
Yredelemnul
Zin

Annotations:
D:7 exclusion: statue
D:8 Harold


Message History

The orb of energy hits Harold!!
Harold is severely wounded.
The orb of energy explodes!
Harold hits you with a +3 war axe of freezing!!
Harold freezes you!
* * * LOW HITPOINT WARNING * * *
Unknown command.
Casting: Iskenderun's Mystic Blast (safe; 1% risk of failure)
Confirm with . or Enter, or press ? or * to list all spells.
Aiming: Iskenderun's Mystic Blast (safe; 1% risk of failure)
Press: ? - help, Shift-Dir - straight line, f/p - Harold
Aim: Harold, wielding a +3 war axe of freezing and wearing a +0 chain mail (severely wounded)
The orb of energy hits Harold.
Harold is severely wounded.
The orb of energy explodes!
Harold drinks a potion.
Harold is healed!
Unknown command.
The hound misses you. The hound closely misses you.
Harold hits you with a +3 war axe of freezing!!
Ouch! That really hurt!
You die...

## #. #.## .
#(.## #
...###...#.####
......h..>.....
#@@.#
#.........
#..##(###. #...
# ##.# ... #.#
#..


You could see Harold and a hound.

Vanquished Creatures
  2 hippogriffs
  Sigmund (D:3)
  Duvessa (D:6)
  A sky beast (D:6)
  An ice beast (D:3)
  2 ogres
  A phantom (D:4)
  A centaur (D:6)
  A necrophage (D:7)
  A bullfrog (D:7)
  Dowan (D:6)
  A scorpion (D:5)
  5 killer bees
  5 wights (D:7)
  A howler monkey (D:6)
  A bullfrog skeleton (D:6)
  A centaur zombie (D:6)
  Crazy Yiuf (D:3)
  5 orc priests (D:7)
  2 hounds
  4 iguanas
  10 orc wizards
  6 worker ants
  5 adders
  5 gnolls (D:4)
  A shadow imp (D:5)
  3 oozes
  3 worms
  4 dart slugs
  4 leopard geckos
  11 orcs
  7 giant cockroaches
  3 goblins
  8 hobgoblins
  13 jackals
  4 quokkas
  2 ball pythons
  5 bats
  2 frilled lizards
  9 kobolds
  A quokka skeleton (D:7)
  7 rats
  A fungus (D:3)
153 creatures vanquished.

Vanquished Creatures (others)
  2 fulminant prisms (D:7)
2 creatures vanquished.

Grand Total: 155 creatures vanquished

Notes
Turn   | Place    | Note
-------+----------+-------------------------------------------
     0 | D:1      | Htamos the Deep Elf Conjurer began the quest for the Orb.
     0 | D:1      | Reached XP level 1. HP: 10/10 MP: 6/6
   220 | D:1      | Reached XP level 2. HP: 15/15 MP: 5/8
   276 | D:1      | Reached skill level 4 in Spellcasting
   812 | D:2      | Reached skill level 5 in Spellcasting
   812 | D:2      | Reached XP level 3. HP: 19/19 MP: 6/11
  1127 | D:2      | You fall through a shaft for 2 floors!
  1128 | D:4      | Noticed an ogre
  1228 | D:3      | Noticed Sigmund
  1255 | D:3      | Killed Sigmund
  1255 | D:3      | Reached skill level 1 in Shields
  1255 | D:3      | Reached skill level 7 in Spellcasting
  1255 | D:3      | Reached XP level 4. HP: 17/24 MP: 3/15
  1255 | D:3      | Reached XP level 5. HP: 20/28 MP: 3/16
  1581 | D:3      | Noticed an ice beast
  2021 | D:2      | Found a radiant altar of Vehumet.
  2232 | D:3      | Learned a level 4 spell: Iskenderun's Mystic Blast
  2311 | D:3      | Reached XP level 6. HP: 32/32 MP: 15/18
  2428 | D:3      | Killed an ice beast
  2428 | D:3      | Reached skill level 8 in Spellcasting
  3061 | D:3      | Found a runed translucent door.
  3062 | D:3      | Noticed Crazy Yiuf
  3200 | D:3      | Killed Crazy Yiuf
  3374 | D:4      | Reached skill level 9 in Spellcasting
  3374 | D:4      | Reached XP level 7. HP: 36/36 MP: 9/21
  4254 | D:4      | Found Zin's Purification Station.
  4257 | D:4      | Found a glowing silver altar of Zin.
  4262 | D:4      | Bought a potion of curing for 90 gold pieces
  4446 | D:4      | Reached skill level 10 in Spellcasting
  4701 | D:4      | Found an iron altar of Okawaru.
  4702 | D:4      | Found a bloodstained altar of Trog.
  4836 | D:4      | Found a deep blue altar of Sif Muna.
  4921 | D:4      | Became a worshipper of Sif Muna the Loreminder
  4972 | D:5      | Entered Level 5 of the Dungeon
  4998 | D:5      | Found a staircase to the Ecumenical Temple.
  5003 | Temple   | Entered the Ecumenical Temple
  5095 | D:5      | Found a shattered altar of Ashenzari.
  5237 | D:5      | Learned a level 4 spell: Fulminant Prism
  5251 | D:5      | Found a sacrificial altar of Ru.
  5359 | D:5      | Found a white marble altar of Elyvilon.
  5412 | D:5      | Found a hide-covered altar of Uskayaw.
  5472 | D:5      | Found a shimmering altar of Xom.
  5720 | D:6      | Reached XP level 8. HP: 33/41 MP: 14/24
  5763 | D:6      | Noticed Duvessa
  5768 | D:6      | Killed Duvessa
  5768 | D:6      | Reached skill level 11 in Spellcasting
  5768 | D:6      | Noticed Dowan
  5872 | D:6      | Killed Dowan
  6074 | D:6      | Got a faintly glowing chain mail
  6075 | D:6      | Identified the +1 chain mail of Osudgh {rElec rF+ Int+4
                  | Stlth+} (You found it on level 6 of the Dungeon)
  6155 | D:6      | Found an ornate altar of the Wu Jian Council.
  6312 | D:6      | Reached skill level 5 in Conjurations
  6560 | D:6      | Reached * piety under Sif Muna
  6768 | D:6      | Found a basalt altar of Yredelemnul.
  6890 | D:7      | Identified a scroll of acquirement
  7247 | D:7      | Reached skill level 1 in Fighting
  7267 | D:7      | Noticed a hippogriff
  7493 | D:7      | HP: 2/43 [orc priest/divine providence (17)]
  7722 | D:7      | Noticed a hippogriff
  8048 | D:7      | Reached XP level 9. HP: 49/49 MP: 18/26
  8454 | D:7      | Learned a level 1 spell: Apportation
  8850 | D:7      | Found a radiant altar of Vehumet.
  8922 | D:7      | Reached ** piety under Sif Muna
  9353 | D:8      | Noticed Harold
  9358 | D:8      | Slain by Harold

Skill      XL: |  1  2  3  4  5  6  7  8  9 |
---------------+----------------------------+-----
Spellcasting   | 5 7 9 10 11 | 11.4
Shields        | 1 2 3 4 |  4.0
Conjurations   | 7 8 |  8.9
Fighting       | 2 3 |  3.9
Dodging        | |  2.4
Stealth        | |  2.4

Action                   |  1- 3 |  4- 6 |  7- 9 || total
-------------------------+-------+-------+-------++-------
Melee: Unarmed           |       |     3 |     8 ||    11
       Staff             |       |       |     1 ||     1
 Cast: Magic Dart        |    73 |    84 |   185 ||   342
       Iskenderun's Myst |       |    10 |    88 ||    98
       Fulminant Prism   |       |       |     2 ||     2
Invok: Divine Energy     |       |       |     1 ||     1
Evoke: Wand              |       |       |     1 ||     1
  Use: Scroll            |     1 |     1 |    12 ||    14
       Potion            |     1 |       |     2 ||     3
  Eat: Chunk             |     1 |     7 |    13 ||    21
       Ration            |       |       |     2 ||     2
Armor: Robe              |       |     3 |     3 ||     6
       Scale mail        |       |       |    11 ||    11
Dodge: Dodged            |    11 |     5 |    48 ||    64
Block: Buckler           |     2 |     4 |    16 ||    22
